 Dungeon Crawl Stone Soup version 0.30-a0-930-gb9d0489357 (webtiles) character file.

Game seed: 16524888140595607367

58 ThatPearl the Magician (level 3, -1/24 HPs)
             Began as a Demonspawn Hedge Wizard on Mar 24, 2023.
             Was an Initiate of Cheibriados.
             Slain by a goblin
             ... wielding a +0 dagger
             ... led by Robin
              (2 damage)
             ... on level 3 of the Dungeon.
             The game lasted 00:07:16 (1685 turns).

ThatPearl the Magician (Demonspawn Hedge Wizard)    Turns: 1685, Time: 00:07:17

Health: -1/24      AC:  2    Str: 11    XL:     3   Next: 76%
Magic:  8/8        EV: 12    Int: 18    God:    Cheibriados [......]
Gold:   33         SH:  0    Dex: 13    Spells: 1/9 levels left

rFire   . . .      SeeInvis +    a - +0 dagger
rCold   . . .      Faith    .    (no shield)
rNeg    . . .      Spirit   .    b - +0 robe
rPois   .          Reflect  .    c - +0 hat
rElec   .          Rampage  .    (no cloak)
rCorr   .                        (no gloves)
Will    .....                    (no boots)
Stlth   ++                       (no amulet)
HPRegen 0.24/turn                n - ring of see invisible
MPRegen 0.11/turn                (no ring)

@: very slow
A: ignite blood 2
a: Renounce Religion


You were on level 3 of the Dungeon.
You worshipped Cheibriados.
Cheibriados was noncommittal.
You visited 1 branch of the dungeon, and saw 3 of its levels.

You collected 55 gold pieces.
You spent 22 gold pieces at shops.

Inventory:

Hand Weapons
 a - a +0 dagger (weapon)
 i - a +0 short sword
Missiles
 f - 3 javelins
Armour
 b - a +0 robe (worn)
 c - a +0 hat (worn)
Jewellery
 n - a ring of see invisible (left hand)
 p - a ring of fire
Scrolls
 e - a scroll of fog {unknown}
 g - 4 scrolls of blinking {unknown}
 h - 2 scrolls of identify
 l - 2 scrolls of silence {unknown}
 q - a scroll of torment {unknown}
 r - a scroll of noise {unknown}
Potions
 d - 2 potions of magic
 j - a potion of curing {unknown}
 k - a potion of mutation {unknown}
 m - a potion of cancellation {unknown}
 o - a potion of might {unknown}


   Skills:
 - Level 1.7 Dodging
 - Level 1.7 Stealth
 + Level 3.8 Spellcasting
 + Level 2.6 Conjurations
 - Level 1.0 Summonings
 - Level 0.8 Translocations


You had one spell level left.
You knew the following spells:

 Your Spells              Type           Power      Damage    Failure   Level
a - Magic Dart            Conj           52%        1d5       4%          1
b - Blink                 Tloc           12%        N/A       16%         2
c - Call Imp              Summ           7%         N/A       16%         2
m - Mephitic Cloud        Conj/Pois/Air  6%         N/A       30%         3

Your spell library contained the following spells:

 Spells                   Type           Power      Damage    Failure   Level
 Slow                     Hex            12%        N/A       16%         1
 Cigotuvi's Dreadful Rot  Necr/Pois/Air  6%         N/A       22%         2


Dungeon Overview and Level Annotations

Branches:
Dungeon (3/15)

Altars:
Cheibriados

Shops:
D:1 :   D:2 ?

Annotations:
D:2 1 runed translucent door, exclusion: door, Crazy Yiuf
D:3 Robin


Innate Abilities, Weirdness & Mutations

Your demonic aura often causes spilled blood to erupt in flames.


Message History

Found a scroll of identify and a jewelled glass wand.
There is a stone staircase leading up here.
The goblin hits you with a +0 club. Robin throws the goblin at you!
The goblin shouts!
You climb upwards.
Level annotation: 1 runed translucent door, exclusion: door, Crazy Yiuf
There is a stone staircase leading down here.
You barely miss the goblin. The goblin completely misses you.
Aiming: Magic Dart (safe; 4% risk of failure)
Press: ? - help, Q - select action, (/) - cycle Shift-Dir - straight line, f - goblin
Aim: a goblin, wielding a +0 club (100% to hit)
The magic dart hits the goblin.
The goblin is moderately wounded.
The goblin hits you with a +0 club.
Aiming: Magic Dart (safe; 4% risk of failure)
Press: ? - help, Q - select action, (/) - cycle Shift-Dir - straight line, f/p - goblin
Aim: a goblin, wielding a +0 club (moderately wounded, 100% to hit)
The magic dart hits the goblin.
You kill the goblin!
Cheibriados thoroughly appreciates the change of pace.
You start resting.
HP restored.
You start resting.
Magic restored.
You climb downwards.
Level annotation: Robin The hobgoblin hits you.
The goblin misses you. The goblin closely misses you. x2
The goblin hits you with a +0 club. The goblin hits you but does no damage.
The hobgoblin hits you. x3; The goblin hits you with a +0 dagger.
* * * LOW HITPOINT WARNING * * *
The goblin closely misses you. The goblin hits you with a +0 dagger.
* * * LOW HITPOINT WARNING * * *
The goblin hits you but does no damage. The goblin hits you with a +0 dagger.
* * * LOW HITPOINT WARNING * * *
There is a stone staircase leading up, spattered with blood here.
Unknown command.
The goblin shouts!
You hear a shout!
The goblin closely misses you. The kobold closely misses you.
The goblin hits you with a +0 dagger.
You die...

#S< ..........# #..
##.g............ ##.
#.......g.##o..# ..
.###......J/.#....###..#
..../...g.g..o.........
##....rBo...........o..
......ggg......o.......
#....g@go...##...#
......gKgK.....<#
..#..?...##..####
.........#. ##
.........# .####.#### #.
##


You could see Robin, 3 orcs, an endoplasm, a giant cockroach, 2 hobgoblins, 8
goblins, 2 kobolds and a rat.

Vanquished Creatures
  2 adders (D:2)
  5 ball pythons
  5 endoplasms
  2 giant cockroaches
  7 goblins
  3 hobgoblins
  2 kobolds
  6 bats
  2 frilled lizards
  4 rats
38 creatures vanquished.

Notes
Turn   | Place    | Note
-------+----------+-------------------------------------------
     0 | D:1      | ThatPearl the Demonspawn Hedge Wizard began the quest for
                  | the Orb.
     0 | D:1      | Reached XP level 1. HP: 13/13 MP: 4/4
   306 | D:1      | Found Xoros's Book Shoppe.
   352 | D:1      | Gained mutation: Your demonic aura sometimes causes spilled
                  | blood to erupt in flames. [demonic ancestry]
   352 | D:1      | Reached XP level 2. HP: 18/19 MP: 4/6
   613 | D:1      | Learned a level 2 spell: Call Imp
   894 | D:2      | Found Zakig's Magic Scroll Shoppe.
   911 | D:2      | Found a snail-covered altar of Cheibriados.
  1088 | D:2      | Gained mutation: Your demonic aura often causes spilled
                  | blood to erupt in flames. [demonic ancestry]
  1088 | D:2      | Reached XP level 3. HP: 24/24 MP: 5/8
  1091 | D:2      | Learned a level 2 spell: Blink
  1156 | D:2      | Bought a scroll of identify for 22 gold pieces
  1168 | D:2      | Became a worshipper of Cheibriados the Contemplative
  1557 | D:2      | Found a runed translucent door.
  1562 | D:2      | Learned a level 3 spell: Mephitic Cloud
  1562 | D:2      | Noticed Crazy Yiuf
  1617 | D:3      | Noticed Robin
  1684 | D:3      | HP: 1/24 [goblin/+0 dagger[Robin] (3)]
  1685 | D:3      | Slain by a goblin

Illustrated notes

Levels and vault maps discovered:
D:1:      giann_horns, layout_rooms, serial_shops, nicolae_shop_hallway_plus,
          minmay_misc_feat_chi, grunt_decor_resistance
D:2:      layout_rooms, basic_altar, serial_shops, nicolae_shop_stone,
          uniq_crazy_yiuf_cottage
D:3:      layout_rooms, serial_shops, shop, uniq_robin

Skill      XL: |  1  2 |
---------------+-------+-----
Conjurations   | 2 |  2.6
Dodging        | |  1.7
Stealth        | |  1.7
Spellcasting   | |  3.8
Summonings     | |  1.0
Translocations | |  0.8

Action                     || total
---------------------------++-------
  Melee: Dagger            ||    38
   Cast: Magic Dart        ||    78
         Call Imp          ||     1
 Armour: Robe              ||    10
  Dodge: Dodged            ||    42

Table legend: (Time is in decaauts)
 A = Elapsed time spent in this place.
 B = Non-inter-level travel time spent in this place.
 C = Inter-level travel time spent in this place.
 D = Time resting spent in this place.
 E = Time spent auto-exploring this place.
 F = Levels seen in this place.
 G = Mean time per level.
                   A        B        C        D        E       F      G
               +--------+--------+--------+--------+--------+-----+--------+
         Total |   1765 |   1664 |    101 |    136 |   1258 |   3 |  588.3 |
       Dungeon |   1765 |   1664 |    101 |    136 |   1258 |   3 |  588.3 |
               +--------+--------+--------+--------+--------+-----+--------+

Top non-repeatable levels by time:
     D:1: 957 daAuts
     D:2: 799 daAuts
     D:3: 8 daAuts
